 Dungeon Crawl Stone Soup version 0.18-a0-1468-gaf180a1 (webtiles) character file.

239737 Demise101 the Executioner (level 19, 0/185 HPs)
             Began as a Minotaur Fighter on Feb 29, 2016.
             Was the Champion of Okawaru.
             Killed from afar by a merfolk aquamancer (45 damage)
             ... with a great wave of water
             ... on level 4 of the Shoals on Mar 1, 2016.
             The game lasted 01:08:41 (38019 turns).

Demise101 the Executioner (Minotaur Fighter)       Turns: 38019, Time: 01:08:41

Health: 0/185      AC: 33    Str: 31    XL:     19   Next: 3%
Magic:  34/34      EV: 18    Int: 12    God:    Okawaru [******]
Gold:   3219       SH:  0    Dex: 13    Spells: 0 memorised, 18 levels left

rFire  + . .     SeeInvis +     U - +3 executioner's axe (elec)
rCold  + + .     Gourm    .     L - +0 plate armour of the Comet {rC+ rN+ Regen+ MP+9}
rNeg   + . .     Faith    .     (shield currently unavailable)
rPois  +         Spirit   .     m - +2 hat
rElec  .         Dismiss  .     V - +2 cloak {MR+}
rCorr  .         Reflect  .     J - +2 pair of gloves of Calculation {rPois rF+ Int+3}
SustAt .         Harm     .     Q - +2 pair of boots {run}
MR     ++...                    M - amulet of regeneration
Stlth  ..........               s - ring of see invisible
                                R - ring "Opruatt" {Str+7 Int+2 Stlth-}

@: heroism, quick, very resistant to hostile enchantments, extremely unstealthy
A: retaliatory headbutt, horns 2, cold resistance 1, sturdy frame 1
a: Heroism, Finesse, Renounce Religion
}: 1/15 runes: gossamer


You were on level 4 of the Shoals.
You worshipped Okawaru.
Okawaru was exalted by your worship.
You were hungry.

You visited 7 branches of the dungeon, and saw 35 of its levels.
You also visited: Bailey, Ice Cave and Volcano.

You collected 3739 gold pieces.
You spent 520 gold pieces at shops.

Inventory:

Hand Weapons
 a - a +9 battleaxe of freezing
 U - a +3 executioner's axe of electrocution (weapon)
Armour
 m - a +2 hat (worn)
 J - the +2 pair of gloves of Calculation (worn) {rPois rF+ Int+3}
   (Okawaru gifted it to you on level 12 of the Dungeon)

   It affects your intelligence (+3).
   It protects you from fire.
   It protects you from poison.
 L - the +0 plate armour of the Comet (worn) {rC+ rN+ Regen+ MP+9}
   (Okawaru gifted it to you on level 5 of the Lair of Beasts)

   It protects you from cold.
   It protects you from negative energy.
   It affects your magic capacity (+9).
   It increases your rate of regeneration.
 Q - a +2 pair of boots of running (worn)
 V - a +2 cloak of magic resistance (worn)
Jewellery
 q - an uncursed ring of fire
 s - a ring of see invisible (right hand)
 B - an uncursed ring of flight
 M - an amulet of regeneration (around neck)
 R - the ring "Opruatt" (left hand) {Str+7 Int+2 Stlth-}
   (You found it on level 4 of the Shoals)

   [ring of loudness]

   It affects your strength (+7).
   It affects your intelligence (+2).
   It makes you less stealthy.
 S - an uncursed ring of resist corrosion
 W - a +4 ring of strength
Wands
 b - a wand of acid (11/15)
 i - a wand of digging (5/24)
 j - a wand of hasting (3/9)
 k - a wand of hasting (4/9)
 w - a wand of hasting (3/9)
 y - a wand of teleportation (4/9)
 z - a wand of disintegration (5/24)
 D - a wand of digging (13/24)
 H - a wand of teleportation (3/9)
 K - a wand of acid (5/15)
 T - a wand of teleportation (3/9)
Scrolls
 g - 4 scrolls of identify
 l - a scroll of blinking
 p - 14 scrolls of remove curse
 v - 5 scrolls of fog
 F - 2 scrolls of enchant armour
 I - 15 scrolls of teleportation
 N - a scroll of fear
 P - 2 scrolls of recharging
 Z - 3 scrolls of magic mapping
Potions
 c - 3 potions of resistance
 e - a potion of cure mutation {!q}
 h - 6 potions of curing
 n - 5 potions of might
 t - 8 potions of haste
 u - 6 potions of agility
 x - 3 potions of heal wounds
 G - 2 potions of invisibility
 O - 3 potions of cancellation
 X - a potion of berserk rage
Miscellaneous
 o - a lamp of fire
 r - a fan of gales
Comestibles
 d - 7 meat rations
 f - 19 bread rations
 A - 11 fruits
 C - 10 royal jellies
 E - 4 chunks of flesh


   Skills:
 + Level 20.2(25.2) Fighting
 * Level 22.8(27) Axes
 - Level 15.8(20.8) Armour
 + Level 13.1(18.1) Dodging
   Level 3.6(8.6) Shields
 + Level 10.4 Invocations
 - Level 7.1 Evocations


You had 18 spell levels left.
You didn't know any spells.

Dungeon Overview and Level Annotations

Branches:
Dungeon (15/15)            Temple (1/1) D:4            Lair (8/8) D:11
 Shoals (4/4) Lair:4       Spider (4/4) Lair:4        Slime (0/6) Lair:6
    Orc (2/2) D:9             Elf (0/3) Orc:2        Vaults (1/5) D:13
 Depths (0/5) D:15

Altars:
Cheibriados
Dithmenos
Elyvilon
Fedhas
Gozag
Kikubaaqudgha
Makhleb
Nemelex Xobeh
Okawaru
Pakellas
Qazlal
Ru
Sif Muna
Trog
Vehumet
Xom
Yredelemnul
The Shining One

Shops:
D:8 (   D:12 [   Orc:2 [?   Shoals:1 (

Portals:
Trove: D:13 (give +3 shadow dragon armour)

Annotations:
Lair:5 exclusion: oklob plant
Spider:1 exclusion: Roxanne, Roxanne
Spider:4 exclusion: 3 doors


Innate Abilities, Weirdness & Mutations

You reflexively headbutt those who attack you in melee.
You have a pair of horns on your head.
Your flesh is cold resistant.
Your movements are slightly less encumbered by armour (ER -2).


Message History

Your surroundings seem slightly different.
Splash!
The merfolk javelineer closely misses you.
The merfolk aquamancer is engulfed in a cloud of scalding steam.
The merfolk impaler hits you but does no damage.
The sea snake is engulfed in a cloud of scalding steam.
The water nymph casts a spell at you. The water swirls and strikes you!
* * * LOW HITPOINT WARNING * * *
The merfolk aquamancer closely misses you.
The sea snake bites you but does no damage.
The merfolk impaler hits you from afar with a trident of venom.
* * * LOW HITPOINT WARNING * * *
The merfolk javelineer hits you from afar with a spear.
* * * LOW HITPOINT WARNING * * *
Unknown command.
Unknown command.
The merfolk aquamancer points at you and mumbles some strange words.
The great wave of water hits you!
You die...

.≈≈≈≈#####........)....≈≈≈≈≈≈
.≈≈≈≈≈........#####...≈≈≈≈≈≈≈
≈≈≈≈≈.....(..##...##).≈≈≈§≈§≈
......^......#...mm#§≈≈≈≈≈§≈≈
≈≈≈..........#..φ..'≈≈≈≈≈≈≈≈≈
≈♣≈≈........##...m.#.≈≈≈≈≈≈≈≈
♣♣≈≈........###..C##m≈≈≈≈≈≈≈≈
♣.♣≈..........#####m§≈≈≈≈≈≈≈≈
≈.(≈..........≈≈@≈mm≈≈≈≈≈≈≈≈≈
≈♣.≈.......≈≈≈≈≈≈Sm§§§≈≈≈≈≈≈≈
≈≈.≈.....≈≈≈.≈≈≈≈≈≈t≈§≈≈≈≈≈≈≈
.≈.......≈≈≈≈≈≈≈≈≈≈m≈≈≈≈≈≈≈≈≈
≈≈≈≈≈≈.≈≈≈≈≈≈≈≈≈≈≈≈≈
##≈.....≈≈≈≈≈≈≈≈≈≈≈≈
##.....≈≈≈≈≈≈≈≈≈≈≈
#≈....≈≈≈≈≈≈≈≈≈≈≈
+....≈≈≈≈≈≈≈≈≈≈≈≈


You could see a merfolk impaler, a merfolk javelineer, a sea snake, 2 merfolk
aquamancers, a snapping turtle and a water nymph.

Vanquished Creatures
  Mara (Spider:3)
  Arachne (Spider:2)
  Frances (Spider:2)
  Kirke (Lair:5)
  Ilsuiw (Shoals:4)
  A frost giant (IceCv)
  Wiglaf (Spider:2)
  3 ghost moths (Spider:4)
  3 emperor scorpions
  3 vault wardens (Vaults:1)
  2 ironheart preservers (Vaults:1)
  Azrael (Spider:1)
  A dire elephant (Lair:4)
  5 spark wasps (Spider:4)
  Snorg (D:11)
  6 merfolk javelineers
  An ettin (D:15)
  8 merfolk impalers
  7 vault guards
  A great orb of eyes (Vaults:1)
  An ice dragon (Vaults:1)
  6 hydras
  3 alligator snapping turtles (Shoals:4)
  3 centaur warriors
  4 merfolk avatars
  2 entropy weavers
  4 merfolk aquamancers
  3 satyrs
  3 ogre magi
  A death knight (D:10)
  9 death yaks
  2 tengu warriors
  4 orc high priests (Orc:2)
  The ghost of kGEAR the Summoner, a journeyman TeSu of Vehumet (D:12)
  A deep elf knight (D:15)
  A hell knight (D:15)
  13 sea snakes
  A shadow wraith (Vaults:1)
  A deep troll (shapeshifter) (D:15)
  An unseen horror (D:10)
  3 lindwurms
  Pikel (D:4)
  9 harpies
  2 ironbrand convokers (Vaults:1)
  5 hill giants
  14 orc knights
  A necromancer (Vaults:1)
  19 orb spiders
  5 hornets
  14 manticores
  18 ugly things
  18 wolf spiders
  5 orc sorcerers
  8 cyclopes
  A moth of wrath (Spider:4)
  9 fauns
  2 water nymphs
  9 griffons
  9 sirens
  3 vault sentinels (Vaults:1)
  An ice statue (IceCv)
  27 elephants
  5 black mambas
  3 gargoyles
  4 torpor snails
  2 rime drakes
  16 spiny frogs
  3 human zombies (Vaults:1)
  3 kobold demonologists
  9 yaktaurs
  16 demonic crawlers
  7 komodo dragons
  2 tengu conjurers
  A queen bee (D:14)
  19 polar bears
  30 merfolk
  A queen bee (shapeshifter) (Vaults:1)
  4 trolls
  A wind drake (Shoals:4)
  Grinder (D:4)
  36 jumping spiders
  6 two-headed ogres
  10 boulder beetles
  Prince Ribbit (D:6)
  5 giant leeches
  11 blink frogs
  4 slime creatures (D:13)
  11 snapping turtles
  Sigmund (D:2)
  A hornet zombie (D:14)
  79 redbacks
  2 wraiths (D:12)
  17 tarantellas
  2 vampires
  5 hogs (Lair:5)
  A wyvern (Lair:8)
  A hog (shapeshifter) (Vaults:1)
  9 fire bats (Volcano)
  11 water elementals
  A human (D:13)
  3 fire elementals (Spider:1)
  10 basilisks
  63 yaks
  9 hippogriffs
  A steam dragon (D:8)
  11 vampire mosquitoes
  4 hungry ghosts
  A warg (Orc:2)
  23 wolves
  5 mottled dragons
  A soldier ant (D:15)
  5 hell hounds
  15 water moccasins
  A soldier ant (shapeshifter) (Vaults:1)
  3 ice beasts
  A slave (D:3)
  7 porcupines
  2 black bears
  35 orc warriors
  2 wasps (Spider:4)
  3 sky beasts
  20 ogres
  2 eyes of draining
  A necrophage (D:9)
  A phantom (D:7)
  9 centaurs
  16 crocodiles
  Blork the orc (D:4)
  6 big kobolds
  A human skeleton (Vaults:1)
  19 giant frogs
  2 wyvern skeletons
  6 scorpions
  23 killer bees
  5 wights (D:10)
  4 electric eels
  3 howler monkeys
  8 crimson imps
  4 jellies
  A giant frog zombie (D:9)
  A quasit (D:7)
  4 centaur zombies
  13 orc priests
  Crazy Yiuf (D:4)
  3 centaur skeletons
  3 giant frog skeletons
  10 hounds
  A gnoll shaman (D:4)
  11 iguanas
  19 orc wizards
  Terence (D:3)
  10 worker ants
  8 sheep
  A hound skeleton (D:9)
  A worker ant zombie (D:11)
  Robin (D:4)
  10 gnolls
  A howler monkey skeleton (D:6)
  A howler monkey zombie (D:5)
  13 adders
  41 river rats
  2 shadow imps
  An ooze (D:2)
  An adder zombie (D:8)
  3 adder skeletons
  4 worms
  6 dart slugs
  5 giant geckos
  80 orcs
  7 bats
  9 giant cockroaches
  12 hobgoblins
  14 jackals
  6 quokkas
  5 ball pythons
  A giant gecko zombie (D:5)
  4 giant newts
  12 goblins
  A jackal skeleton (D:7)
  31 kobolds
  9 rats
  8 fungi
  13 plants
1362 creatures vanquished.

Vanquished Creatures (others)
  A vault warden (Vaults:1)
  A redback (Spider:3)
  2 wolves (IceCv)
  A wasp (Spider:4)
  An electric eel (Lair:5)
  2 fungi
  3 plants
  14 toadstools (Lair:5)
25 creatures vanquished.

Grand Total: 1387 creatures vanquished

Notes
Turn   | Place    | Note
--------------------------------------------------------------
     0 | D:1      | Demise101 the Minotaur Fighter began the quest for the Orb.
     0 | D:1      | Reached XP level 1. HP: 19/19 MP: 0/0
   139 | D:1      | You fall through a shaft!
   391 | D:2      | Reached skill level 3 in Axes
   654 | D:2      | Reached XP level 2. HP: 16/27 MP: 1/1
   776 | D:1      | Reached XP level 3. HP: 25/33 MP: 2/2
  1016 | D:1      | Reached skill level 4 in Axes
  1337 | D:2      | Noticed Sigmund
  1350 | D:2      | Killed Sigmund
  1350 | D:2      | Reached skill level 5 in Axes
  1350 | D:2      | Reached XP level 4. HP: 26/41 MP: 3/3
  1350 | D:2      | Reached XP level 5. HP: 29/47 MP: 4/4
  2025 | D:2      | Reached skill level 5 in Fighting
  2210 | D:3      | Reached skill level 6 in Axes
  2390 | D:3      | Reached XP level 6. HP: 54/56 MP: 5/5
  2633 | D:3      | Noticed Terence
  2650 | D:3      | Killed Terence
  2988 | D:3      | Reached skill level 5 in Armour
  3130 | D:4      | Noticed Grinder
  3141 | D:4      | Paralysed by Grinder for 2 turns
  3144 | D:4      | Killed Grinder
  3144 | D:4      | Reached skill level 7 in Axes
  3144 | D:4      | Reached XP level 7. HP: 55/61 MP: 6/6
  3237 | D:4      | Noticed Pikel
  3381 | D:4      | Killed Pikel
  3381 | D:4      | Reached skill level 8 in Axes
  3381 | D:4      | Reached XP level 8. HP: 66/71 MP: 7/7
  3569 | D:4      | Reached skill level 9 in Axes
  3653 | D:4      | Noticed Robin
  3666 | D:4      | Killed Robin
  3675 | D:4      | Noticed Blork the orc
  3682 | D:4      | Killed Blork the orc
  3762 | D:4      | Found an oddly glowing altar of Pakellas.
  3956 | D:4      | Found a staircase to the Ecumenical Temple.
  3993 | Temple   | Entered the Ecumenical Temple
  4324 | D:4      | Noticed Crazy Yiuf
  4331 | D:4      | Killed Crazy Yiuf
  4562 | D:5      | Entered Level 5 of the Dungeon
  4835 | D:5      | Reached skill level 10 in Axes
  4870 | D:5      | Found an opulent altar of Gozag.
  5415 | D:6      | Reached XP level 9. HP: 80/80 MP: 8/8
  6001 | D:6      | Noticed Prince Ribbit
  6006 | D:6      | Killed Prince Ribbit
  6057 | D:6      | Reached skill level 11 in Axes
  6818 | D:7      | Found a white marble altar of Elyvilon.
  6913 | D:7      | Found a sparkling altar of Nemelex Xobeh.
  7124 | D:7      | Found a radiant altar of Vehumet.
  7183 | D:7      | Reached skill level 12 in Axes
  7335 | D:8      | Found Gijih's Antique Weapon Boutique.
  7555 | D:8      | Reached XP level 10. HP: 81/91 MP: 9/9
  7614 | D:8      | Found a white marble altar of Elyvilon.
  8065 | D:8      | Found an iron altar of Okawaru.
  8066 | D:8      | Found a bloodstained altar of Trog.
  8291 | D:8      | Became a worshipper of Warmaster Okawaru
  8415 | D:9      | Found a staircase to the Orcish Mines.
  8778 | D:9      | Reached skill level 10 in Armour
  9047 | D:9      | Reached skill level 13 in Axes
  9132 | D:9      | Reached * piety under Okawaru
  9189 | D:9      | Noticed a rust devil
  9773 | D:10     | Entered Level 10 of the Dungeon
  9784 | D:10     | Reached skill level 10 in Fighting
  9788 | D:10     | Reached ** piety under Okawaru
  9857 | D:10     | Found a flagged portal.
  9867 | Bailey   | Entered a bailey
 10170 | Bailey   | Noticed an orc knight
 10174 | Bailey   | Noticed an orc knight
 10195 | Bailey   | Reached skill level 14 in Axes
 10201 | Bailey   | Killed an orc knight
 10201 | Bailey   | Reached XP level 11. HP: 44/101 MP: 7/10
 10222 | Bailey   | Killed an orc knight
 10222 | Bailey   | Reached *** piety under Okawaru
 10477 | Bailey   | Noticed an orc knight
 10478 | Bailey   | Noticed an orc knight
 10478 | Bailey   | Noticed an orc knight
 10493 | Bailey   | Killed an orc knight
 10496 | Bailey   | Killed an orc knight
 10504 | Bailey   | Killed an orc knight
 10789 | Bailey   | Identified a scroll of acquirement
 10954 | D:10     | Killed an unseen horror
 10954 | D:10     | Reached **** piety under Okawaru
 10954 | D:10     | Received a gift from Okawaru
 11155 | D:10     | Identified a +0 pair of boots of running (You found it on level 10 of the Dungeon)
 11270 | D:10     | Reached skill level 15 in Axes
 11482 | D:10     | Noticed a death knight
 11669 | D:10     | Killed a death knight
 11669 | D:10     | Reached ***** piety under Okawaru
 12259 | D:11     | Found a frozen archway.
 12277 | IceCv    | Entered an ice cave
 12952 | IceCv    | Reached XP level 12. HP: 92/111 MP: 11/11
 13040 | IceCv    | Reached skill level 16 in Axes
 13066 | IceCv    | Received a gift from Okawaru
 13235 | IceCv    | Noticed a death yak
 13260 | IceCv    | Killed a death yak
 13596 | IceCv    | Noticed a frost giant
 13596 | IceCv    | Noticed a death yak
 13616 | IceCv    | Killed a death yak
 13623 | IceCv    | Killed a frost giant
 13623 | IceCv    | Reached skill level 17 in Axes
 13996 | D:11     | Found a staircase to the Lair.
 14034 | D:11     | Noticed Snorg
 14043 | D:11     | Killed Snorg
 14523 | Lair:1   | Entered Level 1 of the Lair of Beasts
 14929 | Lair:1   | Reached XP level 13. HP: 109/122 MP: 12/12
 16107 | Lair:3   | Reached skill level 18 in Axes
 16500 | Lair:3   | Received a gift from Okawaru
 17357 | Lair:4   | Found a staircase to the Shoals.
 17967 | Lair:4   | Gained mutation: Your movements are slightly less encumbered by armour (ER -2). [potion of beneficial mutation]
 17968 | Lair:4   | Gained mutation: Your flesh is cold resistant. [potion of beneficial mutation]
 18101 | Lair:4   | Found a hole to the Spider Nest.
 18178 | Lair:4   | Noticed a dire elephant
 18189 | Lair:4   | Killed a dire elephant
 18189 | Lair:4   | Reached skill level 19 in Axes
 18189 | Lair:4   | Reached skill level 1 in Dodging
 18902 | Lair:5   | Noticed Kirke
 18910 | Lair:5   | Killed Kirke
 18910 | Lair:5   | Reached ****** piety under Okawaru
 18910 | Lair:5   | Reached XP level 14. HP: 128/133 MP: 10/13
 19069 | Lair:5   | Received a gift from Okawaru
 19173 | Lair:5   | Got a faintly glowing plate armour {god gift}
 19218 | Lair:5   | Identified the +0 plate armour of the Comet {rC+ rN+ Regen+ MP+9} (Okawaru gifted it to you on level 5 of the Lair of Beasts)
 20725 | Lair:6   | Found a staircase to the Slime Pits.
 20907 | Lair:7   | Reached skill level 15 in Armour
 21212 | Lair:7   | Reached skill level 20 in Axes
 21314 | Lair:7   | Received a gift from Okawaru
 21322 | Lair:7   | Reached skill level 15 in Fighting
 21551 | Lair:7   | Found a dark tunnel.
 21552 | Lair:7   | Reached skill level 5 in Dodging
 21565 | Volcano  | Entered a volcano
 22026 | Lair:8   | Entered Level 8 of the Lair of Beasts
 22146 | Lair:8   | Found a sparkling altar of Nemelex Xobeh.
 22607 | Lair:8   | Reached XP level 15. HP: 124/141 MP: 14/14
 23543 | D:12     | Found Kihif's Armour Shop.
 23756 | D:12     | Noticed kGEAR's ghost (journeyman TeSu)
 23762 | D:12     | Killed kGEAR's ghost
 23809 | D:12     | Received a gift from Okawaru
 23816 | D:12     | Got a pair of transparent gloves {god gift}
 23827 | D:12     | Identified the +2 pair of gloves of Calculation {rPois rF+ Int+3} (Okawaru gifted it to you on level 12 of the Dungeon)
 24300 | D:13     | Found a gate to the Vaults.
 24481 | D:13     | Reached skill level 1 in Invocations
 24605 | D:13     | Found a portal to a secret trove of treasure.
 24904 | D:14     | Reached skill level 21 in Axes
 25734 | D:15     | Entered Level 15 of the Dungeon
 25959 | D:15     | Received a gift from Okawaru
 26345 | D:15     | Found a staircase to the Depths.
 26463 | D:15     | Found a glowing golden altar of the Shining One.
 27027 | Orc:1    | Entered Level 1 of the Orcish Mines
 27377 | Orc:2    | Entered Level 2 of the Orcish Mines
 27663 | Orc:2    | Found a staircase to the Elven Halls.
 27942 | Orc:2    | Reached XP level 16. HP: 103/151 MP: 18/18
 27998 | Orc:2    | Found Zodoapt's Magic Scroll Shop.
 27998 | Orc:2    | Found Laes's Armour Emporium.
 28000 | Orc:2    | Found Fazanawn's Antique Armour Shop.
 28000 | Orc:2    | Found Bioxkas's Assorted Antiques.
 28016 | Orc:2    | Bought a scroll of teleportation for 48 gold pieces
 28016 | Orc:2    | Bought a scroll of teleportation for 48 gold pieces
 28016 | Orc:2    | Bought a scroll of teleportation for 48 gold pieces
 28016 | Orc:2    | Bought a scroll of teleportation for 48 gold pieces
 28016 | Orc:2    | Bought a scroll of enchant armour for 120 gold pieces
 28016 | Orc:2    | Bought a scroll of recharging for 152 gold pieces
 28016 | Orc:2    | Bought a scroll of fear for 56 gold pieces
 28539 | Spider:1 | Entered Level 1 of the Spider Nest
 28841 | Spider:1 | Reached skill level 5 in Invocations
 29009 | Spider:1 | Noticed Azrael
 29016 | Spider:1 | Killed Azrael
 29016 | Spider:1 | Reached skill level 1 in Evocations
 29022 | Spider:1 | Received a gift from Okawaru
 29088 | Spider:1 | Noticed Roxanne
 29494 | Spider:2 | Noticed Frances
 29505 | Spider:2 | Killed Frances
 30505 | Spider:3 | Noticed Arachne
 30545 | Spider:2 | Killed Arachne
 30767 | Spider:3 | Noticed Mara
 30782 | Spider:3 | Noticed Demise101's illusion
 30957 | Spider:3 | Received a gift from Okawaru
 30998 | Spider:3 | Noticed Wiglaf
 31001 | Spider:3 | Noticed Demise101's illusion
 31126 | Spider:2 | Killed Wiglaf
 31150 | Spider:3 | Noticed Demise101's illusion
 31337 | Spider:3 | Noticed Demise101's illusion
 31344 | Spider:3 | Killed Mara
 31344 | Spider:3 | Reached skill level 10 in Dodging
 31768 | Spider:4 | Entered Level 4 of the Spider Nest
 31777 | Spider:4 | Reached XP level 17. HP: 92/163 MP: 21/21
 32503 | Spider:4 | Received a gift from Okawaru
 32669 | Spider:4 | Reached skill level 5 in Evocations
 33158 | Spider:4 | Got a gossamer rune of Zot
 33727 | Vaults:1 | Entered Level 1 of the Vaults
 34481 | Vaults:1 | Received a gift from Okawaru
 34598 | Vaults:1 | Reached XP level 18. HP: 170/176 MP: 23/23
 34948 | Vaults:1 | Upgraded the game from 0.18-a0-1454-g5e6cd1e to 0.18-a0-1468-gaf180a1
 35306 | Shoals:1 | Entered Level 1 of the Shoals
 35315 | Shoals:1 | Found Ucazxy's Weapon Shop.
 35473 | Shoals:1 | Received a gift from Okawaru
 35731 | Shoals:1 | Reached skill level 22 in Axes
 36374 | Shoals:4 | Entered Level 4 of the Shoals
 36465 | Shoals:4 | Noticed Ilsuiw
 36615 | Shoals:3 | Received a gift from Okawaru
 36848 | Shoals:3 | Received a gift from Okawaru
 36920 | Shoals:4 | Reached skill level 10 in Invocations
 37377 | Shoals:4 | Killed Ilsuiw
 37457 | Shoals:4 | Got a clouded ivory ring
 37460 | Shoals:4 | Identified the ring "Opruatt" {Str+7 Int+2 Stlth-} (You found it on level 4 of the Shoals)
 37890 | Shoals:4 | Reached XP level 19. HP: 112/185 MP: 25/25
 38019 | Shoals:4 | Killed from afar by a merfolk aquamancer

Vault maps used:
D:1:      saegor_arrival_simple_d, hangedman_feature_mirror,
          monster_avoids_cloud
D:2:      nicolae_overflow_hidden_temple, st_stairs_12, uniq_sigmund
D:3:      uniq_terence
D:4:      kennysheep_spiral_hall, johnstein_pakellas_dig,
          minmay_temple_entry_statues_pillars, uniq_blork_the_orc, uniq_robin,
          uniq_pikel, uniq_crazy_yiuf_cottage, uniq_grinder
D:5:      first_bread, grunt_gozag_breadcrumbs
D:6:      uniq_prince_ribbit1
D:7:      kennysheep_little_box, marbit_many_paths, basic_altar
D:8:      grunt_temple_overflow_bloody_war, lemuel_crystal_altar, serial_shops,
          shop
D:9:      orc_0_dummy
D:10:     minmay_tri_box, enter_bailey_8
D:11:     lair_0_dummy, portal_ice_cave_entry_pillars_02, uniq_snorg
D:12:     serial_shops, nicolae_shop_statue_plus
D:13:     grunt_vaults_entry_fortified, enter_trove_1
D:14:     serial_bayou_shore_a, david_nohive_1
D:15:     hangedman_depths_entry_civil_slaughter, tso_metal_star
Temple:   oiseaux_autumnal_temple_12
Lair:4:   beast_lair_carwin_large_1, elwin_shoals_entry_rocks,
          spider_nest_entry_web_field, grunt_megastairs_3
Lair:5:   gammafunk_lair_enchanted_lake, uniq_kirke
Lair:6:   dpeg_slime_entry_corner, beast_lair_carwin_10
Lair:7:   enter_volcano_3, lemuel_fruit_tree, grunt_megastairs_4
Lair:8:   hangedman_lair_in_review, basic_altar, serial_bayou_pond_d,
          kennysheep_basilisk_garden
Shoals:1: serial_shops, shop
Shoals:2: uniq_polyphemus
Shoals:3: uniq_donald
Shoals:4: shoals_end_simple, shoals_ilsuiw_ice, serial_shops, shop,
          kb_tengu_band
Spider:1: uniq_roxanne, uniq_azrael
Spider:2: spider_trap, hangedman_spider_tarantella_strand, uniq_frances
Spider:3: hangedman_stitches_earthworm, uniq_wiglaf, uniq_arachne, uniq_mara
Spider:4: johnstein_spider_rune_arachne_lair, spider_trap
Orc:1:    nicolae_orc_stony_grotto
Orc:2:    grunt_orc_tribal_feast
Vaults:1: nicolae_vaults_halls_meeting, v_misc_33, v_pattern_2,
          ontoclasm_vaults_eye, v_rooms_1, ontoclasm_vaults_ligature,
          vaults_standard_mumra_enter_the_diamond, vaults_dpeg_diagonal,
          hangedman_vaults_nails, nicolae_vaults_little_ls,
          nicolae_vaults_shelves_hall, vaults_room_door_ring,
          ontoclasm_vaults_shuriken
Bailey:   bailey_polearm_5, bailey
IceCv:    ice_cave_caverns_02
Volcano:  volcano_pools

Skill      XL: |  1  2  3  4  5  6  7  8  9 10 11 12 13 14 15 16 17 18 |
---------------+-------------------------------------------------------+-----
Axes           | 3 5 6 7 8 10 12 14 15 17 19 20 21 22 | 22.8
Fighting       | 4 5 6 7 9 10 11 13 14 15 16 17 19 20 | 20.2
Armour         | 4 5 6 7 9 10 12 13 14 15 | 15.8
Dodging        | 2 5 8 10 11 13 | 13.1
Invocations    | 4 6 8 10 | 10.4
Evocations     | 4 6 7 |  7.1
Shields        | |  3.6

Action                   |  1- 3 |  4- 6 |  7- 9 | 10-12 | 13-15 | 16-18 | 19-21 || total
-------------------------+-------+-------+-------+-------+-------+-------+-------++-------
Melee: War axe           |    95 |    85 |       |    66 |       |       |       ||   246
       Hand axe          |       |    18 |   349 |   204 |       |       |       ||   571
       Battleaxe         |       |       |       |   317 |   988 |   856 |       ||  2161
       Broad axe         |       |       |       |       |     2 |       |       ||     2
       Executioner's axe |       |       |       |       |       |   434 |    22 ||   456
Throw: Throwing net      |       |       |       |     1 |       |       |       ||     1
Invok: Heroism           |       |       |       |     8 |    16 |    24 |     1 ||    49
       Finesse           |       |       |       |       |       |     1 |       ||     1
 Abil: Evoke Flight      |       |       |       |       |       |     7 |       ||     7
Evoke: Wand              |       |       |       |    12 |     3 |     4 |       ||    19
       Fan of gales      |       |       |       |       |     1 |     1 |       ||     2
  Use: Potion            |     2 |       |       |     8 |     2 |     5 |       ||    17
       Scroll            |       |       |     9 |    21 |    26 |    12 |     1 ||    69
 Stab: Invisible         |       |       |       |     5 |       |       |       ||     5
  Eat: Chunk             |     1 |     6 |     8 |    24 |    15 |    18 |       ||    72
       Meat ration       |       |       |     1 |       |     4 |     2 |       ||     7
       Bread ration      |       |       |     1 |     1 |       |       |       ||     2
       Fruit             |       |       |       |       |    10 |       |       ||    10
       Pizza             |       |       |       |       |     1 |     1 |       ||     2
       Beef jerky        |       |       |       |       |     1 |     1 |       ||     2
